 Dungeon Crawl Stone Soup version 0.25-a0-661-g55ea3d2 (webtiles) character file.

Game seed: 17820113636457882646, levelgen mode: deterministic

147 ssssssssss the Ruffian (level 5, 0/79 HPs)
             Began as a Troll Berserker on Mar 24, 2020.
             Was a Believer of Trog.
             Slain by Natasha (2 damage)
             ... on level 2 of the Dungeon.
             The game lasted 00:08:33 (1088 turns).

ssssssssss the Ruffian (Troll Berserker)            Turns: 1088, Time: 00:08:33

Health: 0/79       AC:  7    Str: 25    XL:     5   Next: 7%
Magic:  4/4        EV: 10    Int:  3    God:    Trog [**....]
Gold:   82         SH:  0    Dex: 10    Spells: 4/4 levels left

rFire    . . .     SeeInvis .   l - -1 whip (curse)
rCold    . . .     Gourm    +   (no shield)
rNeg     . . .     Faith    .   h - +1 robe
rPois    .         Spirit   .   (helmet restricted)
rElec    .         Reflect  .   (no cloak)
rCorr    .         Harm     .   (gloves unavailable)
MR       .....                  (boots unavailable)
Stlth    ..........             (no amulet)
HPRegen  0.63/turn              (no ring)
MPRegen  0.09/turn              (no ring)

@: berserking (expiring), very quick
A: large, unfitting armour, claws 3, fast metabolism 3, gourmand, regeneration
1, shaggy fur 1, tough skin 3
a: Berserk, Trog's Hand, Renounce Religion


You were on level 2 of the Dungeon.
You worshipped Trog.
Trog was pleased with you.
You were very full.

You visited 1 branch of the dungeon, and saw 2 of its levels.

You collected 82 gold pieces.

Inventory:

Hand Weapons
 i - a cursed -2 whip
 l - a cursed -1 whip (weapon)
Armour
 a - a +0 animal skin
 e - a +2 ring mail of cold resistance
 h - a +1 robe (worn)
Scrolls
 d - a scroll of identify
Potions
 f - a potion of might {unknown}
 j - a potion of heal wounds {unknown}
 k - a potion of stabbing {unknown}
Comestibles
 b - 4 rations


   Skills:
 + Level 3.0 Fighting
 + Level 3.2 Dodging
 + Level 4.6 Unarmed Combat


You had 4 spell levels left.
You didn't know any spells.
Your spell library was empty.

Dungeon Overview and Level Annotations

Branches:
Dungeon (2/15)

Altars:

Annotations:
D:2 Natasha


Innate Abilities, Weirdness & Mutations

You are too large for most types of armour.
You have claws for hands.
Your metabolism is lightning-fast.
You like to eat raw meat.
Your natural rate of healing is unusually fast.
You are covered in fur. (AC +1)
You have extremely tough skin. (AC +3)


Message History

The iron imp hits you but does no damage.
You closely miss the crimson imp. The crimson imp hits you.
* * * LOW HITPOINT WARNING * * *
The iron imp hits you but does no damage.
The crimson imp hits you but does no damage.
You whack the crimson imp!
The crimson imp is heavily wounded.
The crimson imp disappears in a puff of smoke!
The iron imp closely misses you.
You closely miss Natasha.
Natasha is heavily wounded.
You feel yourself speed up. Natasha claws you.
* * * LOW HITPOINT WARNING * * *
The iron imp hits you.
* * * LOW HITPOINT WARNING * * *
You closely miss Natasha.
Natasha is heavily wounded.
Natasha claws you.
You die...

#......#...# #...###.### #.....
#......###.###.## #.# #.....
#......##...... ##.# #.....
.............######..##### #.....
..............#..........###....>
..............#.###.####...#.....
......(.........#.#...####.#.....
...........5..###5###.####.......
.....÷.##.....#.@h..#...###.#####
.).....##.#5###.###.###.# #.#
#)..#####.#..(..# #...#.# #.#
#.#.# #.#.###.###5###.# #÷# ..#.#
#.....#)....#...# #[##### ###.#
###...###.###..####..#... #.#
#.#...#.#............## #.###
#.##..###.########.###
#...#####.........# #.####


You could see an iron imp and Natasha.

Vanquished Creatures
  Jessica (D:2)
  Natasha (twice) (D:2)
  2 adders (D:2)
  3 worms (D:2)
  A ball python (D:1)
  5 giant cockroaches
  4 goblins (D:1)
  11 hobgoblins
  5 kobolds
  2 bats (D:2)
  2 frilled lizards
  3 rats
41 creatures vanquished.

Notes
Turn   | Place    | Note
-------+----------+-------------------------------------------
     0 | D:1      | ssssssssss the Troll Berserker began the quest for the Orb.
     0 | D:1      | Reached XP level 1. HP: 22/22 MP: 0/0
   177 | D:1      | Reached XP level 2. HP: 29/29 MP: 1/1
   395 | D:1      | You fall into a shaft and drop 1 floor!
   407 | D:2      | Reached XP level 3. HP: 22/36 MP: 2/2
   440 | D:2      | Noticed Jessica
   456 | D:2      | Killed Jessica
   456 | D:2      | Reached ** piety under Trog
   655 | D:2      | Reached XP level 4. HP: 35/44 MP: 3/3
   813 | D:2      | Reached skill level 4 in Unarmed Combat
   905 | D:2      | Noticed Natasha
   909 | D:2      | Killed Natasha
  1010 | D:2      | Noticed Natasha
  1032 | D:2      | Killed Natasha
  1032 | D:2      | Reached XP level 5. HP: 19/53 MP: 4/4
  1048 | D:2      | Noticed Natasha
  1065 | D:2      | HP: 2/53 [Natasha (2)]
  1076 | D:2      | HP: 1/53 [Natasha (8)]
  1083 | D:2      | HP: 3/79 [iron imp[Natasha] (6)]
  1087 | D:2      | HP: 1/79 [iron imp[Natasha] (3)]
  1088 | D:2      | Slain by Natasha

Levels and vault maps discovered:
D:1:      roderic_octagonal_star, layout_basic, minmay_strange_pillars
D:2:      layout_rooms, first_ration, minmay_quantized, uniq_natasha,
          uniq_jessica

Skill      XL: |  1  2  3  4 |
---------------+-------------+-----
Dodging        | 3 |  3.2
Fighting       | 3 |  3.0
Unarmed Combat | 4 |  4.6

Action                   |  1- 3 |  4- 6 || total
-------------------------+-------+-------++-------
Melee: Unarmed           |    68 |       ||    68
       Punch             |     1 |     2 ||     3
       Whip              |     9 |    82 ||    91
Invok: Berserk           |       |     1 ||     1
  Use: Scroll            |       |     4 ||     4
  Eat: Chunk             |    11 |     5 ||    16
Armor: Animal skin       |    34 |       ||    34
       Robe              |       |    33 ||    33
Dodge: Dodged            |    55 |    40 ||    95

Table legend:
 A = Non-vault XP
 B = Vault XP
 C = Vault XP percentage of total XP
 D = Non-vault monster count
 E = Vault monster count
 F = Vault count percentage of total count
                 A         B        C        D         E       F
            +---------+---------+-------+---------+---------+-------
      Total |     133 |      77 |  36.7 |      36 |       5 |  12.2
            +---------+---------+-------+---------+---------+-------
        D:1 |      33 |       0 |   0.0 |      18 |       0 |   0.0
        D:2 |     100 |      77 |  43.5 |      18 |       5 |  21.7
            +---------+---------+-------+---------+---------+-------
